 Dungeon Crawl Stone Soup version 0.29-a0-817-g9904bce7a6 (webtiles) character file.

Game seed: 4383549015185946780

91 blackman the Sneak (level 4, -1/35 HPs)
             Began as a Human Delver on July 5, 2022.
             Was an Initiate of Okawaru.
             Slain by an iguana (5 damage)
             ... on level 4 of the Dungeon.
             The game lasted 00:02:35 (629 turns).

blackman the Sneak (Human Delver)                    Turns: 629, Time: 00:02:35

Health: -1/35      AC:  3    Str: 14    XL:     4   Next: 88%
Magic:  4/4        EV: 12    Int: 10    God:    Okawaru [......]
Gold:   34         SH:  0    Dex: 15    Spells: 3/3 levels left

rFire   . . .      SeeInvis .   h - +0 war axe
rCold   . . .      Faith    .   (no shield)
rNeg    . . .      Spirit   .   b - +0 leather armour
rPois   .          Reflect  .   (no helmet)
rElec   .          Harm     .   (no cloak)
rCorr   .          Rampage  .   (no gloves)
Will    .....                   (no boots)
Stlth   +++.......              (no amulet)
HPRegen 0.11/turn               (no ring)
MPRegen 0.09/turn               (no ring)

@: no status effects
A: no striking features
a: Renounce Religion


You were on level 4 of the Dungeon.
You worshipped Okawaru.
Okawaru was noncommittal.
You visited 2 branches of the dungeon, and saw 3 of its levels.

You collected 34 gold pieces.

Inventory:

Hand Weapons
 a - a +0 hand axe
 h - a +0 war axe (weapon)
Armour
 b - a +0 leather armour (worn)
Wands
 f - a wand of flame (12)
 g - a wand of digging (3)
Scrolls
 c - a scroll of fog
 d - a scroll of magic mapping
 e - 2 scrolls of fear
 i - a scroll of immolation {unknown}


   Skills:
 - Level 3.0 Fighting
 - Level 2.0 Axes
 - Level 2.0 Dodging
 - Level 5.0 Stealth
 + Level 4.0 Evocations


You had 3 spell levels left.
You didn't know any spells.
Your spell library contained the following spells:

 Spells                   Type           Power      Damage    Failure   Level
 Passage of Golubria      Tloc           0%         N/A       99%         4
 Silence                  Hex/Air        0%         N/A       100%        5
 Lehudib's Crystal Spear  Conj/Erth      0%         10d2      100%        8


Dungeon Overview and Level Annotations

Branches:
Dungeon (5/15)             Temple (1/1) D:5

Altars:
Ashenzari
Cheibriados
Dithmenos
Elyvilon
Fedhas
Gozag
Hepliaklqana
Kikubaaqudgha
Makhleb
Nemelex Xobeh
Okawaru
Qazlal
Ru
Sif Muna
Trog
Uskayaw
Vehumet
Wu Jian
Xom
Yredelemnul
Zin
The Shining One


Message History

No target in view!
You see here a +0 dagger of freezing.
HP restored.
Key pressed, stopping explore.
You now have 28 gold pieces (gained 13).
Key pressed, stopping explore.
You now have 34 gold pieces (gained 6).
Key pressed, stopping explore.
Found a stone staircase leading up.
i - a scroll labelled LUSUBB HOTIA An iguana comes into view.
Found a scroll labelled WOTEEMEAFO.
An iguana is nearby!
An iguana is nearby!
The iguana hisses angrily.
The iguana bites you!
You barely miss the iguana. The iguana bites you. The iguana misses you.
You hit the iguana.
The iguana is moderately wounded.
The iguana bites you!
You are too injured to fight recklessly!
You are too injured to fight recklessly!
You are too injured to fight recklessly!
You are too injured to fight recklessly!
You hit the iguana but do no damage.
The iguana is moderately wounded.
The iguana closely misses you. The iguana bites you!
* * * LOW HITPOINT WARNING * * *
You hit the iguana.
The iguana is moderately wounded.
The iguana closely misses you.
You hit the iguana.
The iguana is heavily wounded.
The iguana misses you.
You closely miss the iguana.
The iguana is heavily wounded.
The iguana bites you.
* * * LOW HITPOINT WARNING * * *
The iguana bites you.
You die...

#......# # ###..#...#.#
..........# #..........
#.........#
########.......#
..........>....#######
#####..........#.l...#.#
.............#.#@.<....#
..........#..........###
.............#.#.....#
........)......#.....#
######.......#.....###
#.......#.###.#
#####.###.# .# #.# #.#
.. #.> .?. ##


You could see an iguana.

Vanquished Creatures
  A necrophage (D:5)
  A jelly (D:5)
  An endoplasm (D:4)
  A goblin (D:5)
  2 hobgoblins (D:5)
  3 kobolds (D:5)
9 creatures vanquished.

Vanquished Creatures (others)
  11 fungi (D:4)
11 creatures vanquished.

Grand Total: 20 creatures vanquished

Notes
Turn   | Place    | Note
-------+----------+-------------------------------------------
     0 | D:5      | blackman the Human Delver began the quest for the Orb.
     0 | D:5      | Reached XP level 1. HP: 18/18 MP: 1/1
     3 | D:5      | Noticed a necrophage
    21 | D:5      | Killed a necrophage
    22 | D:5      | Reached XP level 2. HP: 21/24 MP: 2/2
    22 | D:5      | Reached XP level 3. HP: 26/29 MP: 3/3
    22 | D:5      | Reached XP level 4. HP: 31/35 MP: 4/4
    25 | D:5      | Found a staircase to the Ecumenical Temple.
    36 | Temple   | Entered the Ecumenical Temple
   319 | Temple   | Became a worshipper of Warmaster Okawaru
   382 | D:5      | Noticed a centaur
   475 | D:5      | Found a bloodstained altar of Trog.
   629 | D:4      | Slain by an iguana

Illustrated notes

Levels and vault maps discovered:
D:4:      layout_loops_cross, serial_aquarium, aquarium_bridge_island_small
          [aquarium_subvault_small_water, aquarium_subvault_bridge,
          aquarium_subvault_bridge, aquarium_subvault_window,
          aquarium_subvault_wall], aquarium_window_1, aquarium_window_2,
          aquarium_view_2c, aquarium_view_2e, lightli_corner_chamber
D:5:      layout_basic, trog_hazing_becter, minmay_temple_entry_slanted,
          uniq_blork_the_orc, uniq_ijyb
Temple:   mainiacjoe_temple_hex_bubbles

Skill      XL: |  1  2  3  4 |
---------------+-------------+-----
Evocations     | 3 4 |  4.0
Fighting       | |  3.0
Axes           | |  2.0
Dodging        | |  2.0
Stealth        | |  5.0

Action                   |  1- 3 |  4- 6 || total
-------------------------+-------+-------++-------
Melee: Hand axe          |    13 |       ||    13
       War axe           |       |    28 ||    28
Evoke: Wand              |       |     3 ||     3
  Use: Potion            |     1 |       ||     1
Armor: Leather armour    |     1 |     6 ||     7
Dodge: Dodged            |     7 |    26 ||    33

Table legend: (Time is in decaauts)
 A = Elapsed time spent in this place.
 B = Non-inter-level travel time spent in this place.
 C = Inter-level travel time spent in this place.
 D = Time resting spent in this place.
 E = Time spent auto-exploring this place.
 F = Levels seen in this place.
 G = Mean time per level.
                   A        B        C        D        E       F      G
               +--------+--------+--------+--------+--------+-----+--------+
         Total |    622 |    574 |     48 |      0 |    366 |   3 |  207.3 |
       Dungeon |    324 |    320 |      4 |      0 |    120 |   2 |  162.0 |
        Temple |    297 |    253 |     44 |      0 |    246 |   1 |  297.0 |
               +--------+--------+--------+--------+--------+-----+--------+

Top non-repeatable levels by time:
  Temple: 297 daAuts
     D:5: 256 daAuts
     D:4: 68 daAuts
